 Dungeon Crawl Stone Soup version 0.28-a0-1213-g0243856f03 (webtiles) character file.

Game seed: 6601906291380038297

126 jtrev the Cudgeller (level 5, -3/48 HPs)
             Began as a Gargoyle Berserker on Dec 22, 2021.
             Was a Follower of Trog.
             Splashed by a jelly's acid (5 damage)
             ... on level 2 of the Dungeon.
             The game lasted 00:03:43 (2011 turns).

jtrev the Cudgeller (Gargoyle Berserker)            Turns: 2011, Time: 00:03:44

Health: -3/48      AC:  4    Str: 23    XL:     5   Next: 9%
Magic:  5/5        EV: 11    Int:  7    God:    Trog [*.....]
Gold:   122        SH:  0    Dex:  9    Spells: 4/4 levels left

rFire   . . .      SeeInvis .   a - +0 mace
rCold   . . .      Faith    .   (no shield)
rNeg    + . .      Spirit   .   b - +0 animal skin
rPois   ∞          Reflect  .   e - +0 helmet
rElec   +          Harm     .   (no cloak)
rCorr   .          Rampage  .   (no gloves)
Will    .....                   j - +0 pair of boots
Stlth   ..........              (no amulet)
HPRegen 0.16/turn               (no ring)
MPRegen 0.09/turn               (no ring)

@: berserking (expiring), corroded, very quick
A: sickness immunity, AC +4, negative energy resistance 1, electricity
resistance, torment resistance 1, petrification resistance
a: Renounce Religion, Berserk


You were on level 2 of the Dungeon.
You worshipped Trog.
Trog was aware of your devotion.
You visited 1 branch of the dungeon, and saw 2 of its levels.

You collected 122 gold pieces.

Inventory:

Hand Weapons
 a - a +0 mace (weapon)
Armour
 b - a +0 animal skin (worn)
 e - a +0 helmet (worn)
   (You found it on level 1 of the Dungeon)
 j - a +0 pair of boots (worn)
   (You found it on level 2 of the Dungeon)
Scrolls
 c - 2 scrolls of noise {unknown}
 f - a scroll of blinking {unknown}
 g - a scroll of identify {unknown}
 h - a scroll of amnesia {unknown}
 i - a scroll of enchant weapon {unknown}
Potions
 d - 2 potions of flight {unknown}
 k - 2 potions of curing {unknown}
 l - a potion of lignification {unknown}
 m - a potion of resistance {unknown}


   Skills:
 - Level 3.2 Fighting
 + Level 5.6 Maces & Flails
 - Level 2.1 Armour
 - Level 1.5 Dodging


You had 4 spell levels left.
You didn't know any spells.
Your spell library was empty.

Dungeon Overview and Level Annotations

Branches:
Dungeon (2/15)

Altars:


Innate Abilities, Weirdness & Mutations

You are immune to sickness and miasma.
Your stone body is resilient. (AC +4)
You are immune to poison.
You resist negative energy. (rN+)
You are resistant to electric shocks. (rElec)
You are resistant to unholy torment.
You are immune to petrification.


Message History

There are monsters nearby!
There are monsters nearby!
There are monsters nearby!
You closely miss the kobold.
A jelly comes into view.
The kobold hits you with a +0 short sword.
You sock the kobold!
You kill the kobold!
Trog accepts your kill.
You hit the jelly but do no damage.
Your hands burn!
The jelly closely misses you.
You hit the jelly.
Your hands burn!
The jelly hits you but does no damage. x2
An endoplasm comes into view.
The endoplasm quivers.
You sock the jelly!
Your hands burn!
* * * LOW HITPOINT WARNING * * *
The jelly misses you.
Unknown command.
A red film seems to cover your vision as you go berserk!
You feel yourself moving faster!
You feel mighty! The jelly misses you.
You sock the jelly!
You kill the jelly!
Trog accepts your kill.
Your Maces & Flails skill increases to level 5!
You sock the jelly!
Your hands burn!
* * * LOW HITPOINT WARNING * * *
You barely miss the jelly. The jelly closely misses you.
A jelly comes into view.
Unknown command.
You sock the jelly!
You kill the jelly!
Trog accepts your kill.
You have reached level 5!
You thump the endoplasm!
You kill the endoplasm!
Trog accepts your kill.
Unknown command.
Things that are here:
a +0 short sword; 3 stones Unknown command.
You hit the jelly. The acid corrodes you!
Your hands burn!
* * * LOW HITPOINT WARNING * * *
You completely miss the jelly. The jelly hits you.
* * * LOW HITPOINT WARNING * * *
You are splashed with acid!
* * * LOW HITPOINT WARNING * * *
An endoplasm comes into view.
The endoplasm quivers.
You hit the jelly. The acid corrodes you!
Your hands burn!
You die...

...#####.#
#.#######.).
...# #.# #.#
#..) ...# #.#
#.# #... ...#
#(# #.#
####... ####
#.# #.#
#...... #.#
#.# #.###..
#.# # #.. #.#
#J####### #..
#.# #..J@..##
... #.#
########.#
.... #.#
#....'..##
.....
#.###....####
......
#..##.......#
.......
##.##.......#
........
#.##.....^[#
#.##.......#
#.###.....##


You could see a jelly and an endoplasm.

Vanquished Creatures
  2 jellies (D:2)
  2 adders (D:2)
  A worm (D:2)
  A dart slug (D:1)
  4 endoplasms
  2 goblins
  3 hobgoblins (D:1)
  2 quokkas
  5 ball pythons
  2 bats (D:2)
  2 frilled lizards
  11 kobolds
  3 rats (D:1)
40 creatures vanquished.

Vanquished Creatures (others)
  6 fungi (D:2)
  10 toadstools (D:2)
16 creatures vanquished.

Grand Total: 56 creatures vanquished

Notes
Turn   | Place    | Note
-------+----------+-------------------------------------------
     0 | D:1      | jtrev the Gargoyle Berserker began the quest for the Orb.
     0 | D:1      | Reached XP level 1. HP: 14/14 MP: 1/1
   124 | D:1      | Found a faded altar of an unknown god.
   145 | D:1      | Reached XP level 2. HP: 14/19 MP: 2/2
  1035 | D:2      | Reached skill level 4 in Maces & Flails
  1258 | D:2      | Reached XP level 3. HP: 22/23 MP: 3/3
  1889 | D:2      | Reached XP level 4. HP: 28/28 MP: 4/4
  2004 | D:2      | Reached skill level 5 in Maces & Flails
  2007 | D:2      | Reached XP level 5. HP: 17/32 MP: 5/5
  2010 | D:2      | HP: 2/48 [acid (12)]
  2011 | D:2      | Splashed by a jelly's acid

Illustrated notes

Levels and vault maps discovered:
D:1:      eino_arrival_water_star, layout_loops_ring,
          chequers_ecumenical_altar_island
D:2:      cheibrodos_fertilizer, layout_basic, chequers_serial_rivers_room_a

Skill      XL: |  1  2  3  4 |
---------------+-------------+-----
Maces & Flails | 4 5 |  5.6
Fighting       | |  3.2
Armour         | |  2.1
Dodging        | |  1.5

Action                   |  1- 3 |  4- 6 || total
-------------------------+-------+-------++-------
Melee: Mace              |   104 |    16 ||   120
Invok: Berserk           |     3 |     1 ||     4
Armor: Animal skin       |    45 |     2 ||    47
Dodge: Dodged            |    68 |     7 ||    75

Table legend: (Time is in decaauts)
 A = Elapsed time spent in this place.
 B = Non-inter-level travel time spent in this place.
 C = Inter-level travel time spent in this place.
 D = Time resting spent in this place.
 E = Time spent auto-exploring this place.
 F = Levels seen in this place.
 G = Mean time per level.
                   A        B        C        D        E       F      G
               +--------+--------+--------+--------+--------+-----+--------+
         Total |   2068 |   1988 |     80 |    279 |   1366 |   2 | 1034.0 |
       Dungeon |   2068 |   1988 |     80 |    279 |   1366 |   2 | 1034.0 |
               +--------+--------+--------+--------+--------+-----+--------+

Top non-repeatable levels by time:
     D:1: 1256 daAuts
     D:2: 812 daAuts
